 Dungeon Crawl Stone Soup version 0.29-a0-813-g4a14ea37d6 (webtiles) character file.

Game seed: 9915499051422659705

128 polve the Chopper (level 4, 0/33 HPs)
             Began as a Demonspawn Gladiator on July 4, 2022.
             Slain by a scorpion (6 damage)
             ... on level 4 of the Dungeon.
             The game lasted 00:02:04 (3047 turns).

polve the Chopper (Demonspawn Gladiator)            Turns: 3047, Time: 00:02:05

Health: 0/33       AC:  8    Str: 16    XL:     4   Next: 86%
Magic:  4/4        EV:  8    Int: 10    God:
Gold:   144        SH:  8    Dex: 14    Spells: 3/3 levels left

rFire   . . .      SeeInvis .   a - +0 war axe
rCold   . . .      Faith    .   i - +0 kite shield
rNeg    . . .      Spirit   .   m - +0 scale mail
rPois   .          Reflect  .   c - +0 helmet
rElec   .          Harm     .   (no cloak)
rCorr   .          Rampage  .   (no gloves)
Will    .....                   (no boots)
Stlth   ..........              q - amulet of the acrobat
HPRegen 0.11/turn               (no ring)
MPRegen 0.09/turn               (no ring)

@: lethally poisoned (0 -> -10)
A: powered by death 1, sharp scales 1
a: no special abilities


You were on level 4 of the Dungeon.
You visited 1 branch of the dungeon, and saw 4 of its levels.

You collected 144 gold pieces.

Inventory:

Hand Weapons
 a - a +0 war axe (weapon)
Missiles
 d - 3 throwing nets (quivered)
 e - a javelin
Armour
 c - a +0 helmet (worn)
 i - a +0 kite shield (worn)
 m - a +0 scale mail (worn)
Jewellery
 q - an amulet of the acrobat (around neck)
Wands
 p - a wand of polymorph (8)
Scrolls
 b - a scroll of enchant armour {unknown}
 g - a scroll of poison {unknown}
 k - a scroll of identify {unknown}
 n - a scroll of amnesia {unknown}
Potions
 f - 4 potions of heal wounds


   Skills:
 - Level 2.0 Fighting
 + Level 4.2 Axes
 - Level 1.7 Throwing
 + Level 1.7 Armour
 - Level 2.6 Dodging
 + Level 1.7 Shields


You had 3 spell levels left.
You didn't know any spells.
Your spell library contained the following spells:

 Spells                   Type           Power      Damage    Failure   Level
 Shock                    Conj/Air       0%         1d3       99%         1
 Swiftness                Air            0%         N/A       100%        3
 Airstrike                Air            0%         0-1+      100%        4


Dungeon Overview and Level Annotations

Branches:
Dungeon (4/15)
 Temple: D:4-7

Altars:


Innate Abilities, Weirdness & Mutations

You regenerate a little health from kills.
You are partially covered in razor-sharp scales. (AC +1, Slay +1)


Message History

The scorpion stings you but does no damage.
The scorpion closely misses you.
You closely miss the scorpion.
You feel very sick. The scorpion stings you. You block the scorpion's attack.
You barely miss the scorpion.
You feel sick. The scorpion stings you.
* * * LOW HITPOINT WARNING * * *
You are lethally poisoned!
The scorpion poisons you! You block the scorpion's attack.
You closely miss the scorpion.
* * * LOW HITPOINT WARNING * * *
You feel very sick. You block the scorpion's attack.
You feel better.
The scorpion stings you but does no damage.
You hit the scorpion.
The scorpion is lightly wounded.
The scorpion stings you but does no damage.
You block the scorpion's attack.
You closely miss the scorpion.
The scorpion is lightly wounded.
You block the scorpion's attack. The scorpion barely misses you.
You hit the scorpion.
The scorpion is heavily wounded.
The scorpion closely misses you.
The scorpion stings you but does no damage.
You hit the scorpion.
The scorpion is severely wounded.
You block the scorpion's attack. x2
You hit the scorpion but do no damage.
The scorpion is severely wounded.
The scorpion stings you.
You are lethally poisoned!
The scorpion poisons you!
You hit the scorpion.
The scorpion is almost dead.
* * * LOW HITPOINT WARNING * * *
You feel very sick. The scorpion stings you.
You die...

....#
....######
#.....#..
.......
###.....
###......
.......$#
......s@#
#####...#
##..# #<.#
#...#
#...#
#...$#
.......
........


You could see a scorpion.

Vanquished Creatures
  A jelly (D:3)
  4 adders
  A worm (D:2)
  A dart slug (D:2)
  An orc (D:3)
  9 ball pythons
  5 bats
  5 endoplasms
  4 hobgoblins
  4 jackals (D:1)
  7 kobolds
  3 quokkas
  2 frilled lizards (D:2)
  3 goblins
  2 rats (D:2)
  A spectral kobold (D:1)
53 creatures vanquished.

Notes
Turn   | Place    | Note
-------+----------+-------------------------------------------
     0 | D:1      | polve the Demonspawn Gladiator began the quest for the Orb.
     0 | D:1      | Reached XP level 1. HP: 16/16 MP: 1/1
    27 | D:1      | Reached skill level 3 in Axes
   160 | D:1      | Gained mutation: You are partially covered in razor-sharp
                  | scales. (AC +1, Slay +1) [demonic ancestry]
   160 | D:1      | Reached XP level 2. HP: 19/22 MP: 2/2
   613 | D:1      | Found a faded altar of an unknown god.
   931 | D:2      | Gained mutation: You regenerate a little health from kills.
                  | [demonic ancestry]
   931 | D:2      | Reached XP level 3. HP: 15/27 MP: 3/3
  1803 | D:2      | Reached skill level 1 in Armour
  1803 | D:2      | Reached skill level 1 in Shields
  1865 | D:2      | Reached skill level 4 in Axes
  1865 | D:2      | Reached XP level 4. HP: 27/33 MP: 4/4
  3026 | D:4      | Noticed a scorpion
  3047 | D:4      | Slain by a scorpion

Illustrated notes

Levels and vault maps discovered:
D:1:      psy_arrival_terrarium, layout_rooms,
          dreamdust_ecumenical_altar_drowned_temple
D:2:      layout_basic
D:3:      layout_basic, kennysheep_generic_room_13
D:4:      layout_layer_cave, grunt_decor_cap

Skill      XL: |  1  2  3 |
---------------+----------+-----
Axes           | 3 4 |  4.2
Armour         | 1 |  1.7
Shields        | 1 |  1.7
Fighting       | |  2.0
Throwing       | |  1.7
Dodging        | |  2.6

Action                   |  1- 3 |  4- 6 || total
-------------------------+-------+-------++-------
Melee: War axe           |    88 |    55 ||   143
  Use: Potion            |       |     6 ||     6
Armor: Leather armour    |    31 |       ||    31
       Scale mail        |     6 |    26 ||    32
Dodge: Dodged            |    40 |    29 ||    69
Block: Kite shield       |    20 |    33 ||    53

Table legend: (Time is in decaauts)
 A = Elapsed time spent in this place.
 B = Non-inter-level travel time spent in this place.
 C = Inter-level travel time spent in this place.
 D = Time resting spent in this place.
 E = Time spent auto-exploring this place.
 F = Levels seen in this place.
 G = Mean time per level.
                   A        B        C        D        E       F      G
               +--------+--------+--------+--------+--------+-----+--------+
         Total |   3117 |   3053 |     64 |      0 |   2627 |   4 |  779.2 |
       Dungeon |   3117 |   3053 |     64 |      0 |   2627 |   4 |  779.2 |
               +--------+--------+--------+--------+--------+-----+--------+

Top non-repeatable levels by time:
     D:2: 1305 daAuts
     D:1: 945 daAuts
     D:3: 838 daAuts
     D:4: 27 daAuts
